Cogmind - Beta 17 @@@ ROGUE MODE // 2026.08.06 @ 17:26:21 Player: Petvaria Result: Destroyed by Y-45 Defender with Beam Rifle Performance ------------- Evolutions (0) 0 Regions Visited (3) 600 Robots Destroyed (32) 160 Value Destroyed (837) 837 Prototype IDs (14) 280 Alien Tech Used (0) 0 Bonus (-50) -50 TOTAL SCORE: 1827 Bonus ------- Friendly Fire -50 Cogmind --------- Core Integrity 0/250 Matter 77/300 Energy 184/200 System Corruption 0% Temperature Cool (27) Movement Treading (160) Location -9/Recycling Parts ------- > --- POWER (1) -------- Subdweller Power Source > --- PROPULSION (2) --- Spiked Treads Spiked Treads > --- UTILITY (2) ------ (None) > --- WEAPON (2) ------- Subdweller Beam Cannon Subdweller Shrapnel Launcher > --- INVENTORY (5) ---- Subdweller Optics Scrap Shield Subdweller Laser Subdweller Shrapnel Launcher Peak State ------------ > --- POWER ------------ Subdweller Power Source > --- PROPULSION ------- Spiked Treads Spiked Treads > --- UTILITY ---------- Improved Heat Sink High-capacity Storage Unit > --- WEAPON ----------- Subdweller Beam Cannon Subdweller Shrapnel Launcher > --- INVENTORY -------- Light Treads Compact Wheel Subdweller Monowheel Subdweller Monowheel Disposable Heat Sink Machine Analyzer Subdweller Optics Improved Terrain Scanner Seismic Detector Scrap Shield Riot Gun Subdweller Laser Subdweller Laser Autogun Subdweller Machine Gun Subdweller Machine Gun Makeshift Shrapnel Gun Rocket Launcher Multitool [Rating: 18] Favorites ----------- Power Subdweller Power Source Engine Subdweller Power Source Propulsion Light Treads Treads Light Treads Utility High-capacity Storage Unit Device Disposable Heat Sink Storage High-capacity Storage Unit Protection Scrap Shield Weapon Autogun Energy Gun Small Laser Energy Cannon Subdweller Beam Cannon Ballistic Gun Autogun Launcher Subdweller Shrapnel Launcher Build | -11 -10 -10 -9 ------- Run | Yrd Mat Sub Rec Slots Evolved . | . . . . Power . | . . . . Propulsion . | . . . . Utility . | . . . . Weapon . | . . . . Parts Attached 31 | 7 6 18 . Power 3 | 1 . 2 . Engine 3 | 1 . 2 . Core . | . . . . Reactor . | . . . . Propulsion 6 | 2 . 4 . Treads 6 | 2 . 4 . Leg . | . . . . Wheel . | . . . . Hover . | . . . . Flight . | . . . . Utility 8 | 2 2 4 . Device 4 | 1 . 3 . Storage 2 | 1 1 . . Processor . | . . . . Hackware . | . . . . Protection 2 | . 1 1 . Artifact . | . . . . Weapon 14 | 2 4 8 . Energy Gun 3 | 1 1 1 . Energy Cannon 3 | . . 3 . Ballistic Gun 5 | 1 1 3 . Ballistic Cannon . | . . . . Launcher 3 | . 2 1 . Special Weapon . | . . . . Impact Weapon . | . . . . Slashing Weapon . | . . . . Piercing Weapon . | . . . . Special Melee Weapon . | . . . . Unidentified Prototypes . | . . . . Parts Lost 4 | . . 4 . Power 2 | . . 2 . Propulsion . | . . . . Utility 1 | . . 1 . Weapon 1 | . . 1 . Highest Loss Streak 2 | . . 2 . To Critical Strikes . | . . . . Average Backups 14 | 3 11 14 19 Power . | . 1 . 1 Propulsion 4 | 1 3 4 4 Utility 3 | . 2 3 4 Weapon 5 | . 3 6 9 Tool/Special . | . . . . Unused Backups 19 | . . 4 15 Power 2 | . . 1 1 Propulsion 5 | . . 2 3 Utility 2 | . . . 2 Weapon 9 | . . 1 8 Tool/Special 1 | . . . 1 Average Slot Usage (%) 95 | . 100 94 99 Engine 13 | . 14 13 14 Treads 28 | . 28 28 28 Device 7 | . 12 6 14 Storage 10 | . 14 9 13 Protection 5 | . 1 6 . Energy Gun 5 | . 13 4 . Energy Cannon 7 | . . 8 14 Ballistic Gun 12 | . 14 12 . Launcher 3 | . . 3 14 Peak Build Rating 18 | 7 10 18 18 Average Rating 12 | 4 7 13 17 On Entrance 8 | . 7 9 18 Avg Prop Armor Cover (%) . | . . . . Naked Turns . | . . . . Heaviest Build 63 | 13 51 63 62 Greatest Support 40 | 40 40 40 40 Greatest Overweight (x) 1 | . 1 1 1 Average Overweight (x) . | . . . 1 Largest Inventory Capacity 20 | 8 20 20 20 Average Capacity 16 | 7 19 15 19 Most Carried 20 | 6 18 20 20 Average Carried 14 | 3 11 14 19 Final Capacity 20 | 8 20 20 5 Final Carried 20 | 5 18 20 5 Class Distribution -------------------- 60% | Mutant 24% | Subdweller-Mutant 15% | Scavenger-Mutant Dominant Class ---------------- Mutant | -10/Materials Mutant | -10/Subcaves Mutant | -9/Recycling Resources | -11 -10 -10 -9 ----------- Run | Yrd Mat Sub Rec Matter Collected 886 | 281 89 459 57 Remotely . | . . . . Salvage Created 1202 | 142 387 568 105 Parts 74 | 6 25 40 3 Haulers Intercepted 2 | . 2 . . Recyclers Shooed 1 | 1 . . . Parts Field Recycled . | . . . . Retrieved Matter . | . . . . Parts Self-Destructed 10 | . . 10 . Prevented . | . . . . Parts Restored . | . . . . Kills | -11 -10 -10 -9 ------- Run | Yrd Mat Sub Rec Combat Hostiles Destroyed 23 | . 9 13 1 Guns 14 | . 6 8 . Cannons 3 | . . 3 . AOE 5 | . 3 1 1 Classes Destroyed 9 | 2 3 3 1 Tunneler 3 | 3 . . . Hauler 2 | . 2 . . Recycler 2 | 1 1 . . Turret 2 | . . 2 . Swarmer 7 | . 6 1 . Grunt 3 | . 3 . . Sentry 1 | . . . 1 Artisan 2 | . . 2 . Subdweller 12 | . . 12 . Best Kill Streak 3 | 3 3 3 1 Combat Bots Only 3 | . 3 2 1 Max Kills in Single Turn 2 | 1 2 1 1 Gunslinging . | . . . . Exploded 2 | . 2 1 1 Melee . | . . . . Uniques/NPCs Destroyed . | . . . . Combat | -11 -10 -10 -9 -------- Run | Yrd Mat Sub Rec Hostile Shots Fired 119 | . 41 68 10 Missed 34 | . 9 20 5 Hits 85 | . 32 48 5 Projectile 85 | . 32 48 5 Critical Strikes 3 | . . 2 1 Damage Taken 1597 | . 326 1090 181 Core 260 | . 10 213 37 Absorbed by Shields . | . . . . Core Remaining (%) 100 | 100 . . . Volleys Fired 131 | 11 36 72 12 Largest 2 | 2 2 2 2 Hottest 120 | 60 70 80 120 Shots Fired 210 | 22 68 105 15 Gun 158 | 22 65 71 . Cannon 31 | . . 28 3 Launcher 21 | . 3 6 12 Special . | . . . . Kinetic 106 | 11 33 50 12 Thermal 98 | 11 32 52 3 Explosive 6 | . 3 3 . Electromagnetic . | . . . . Robot Hit Streak 30 | 5 30 26 8 Robot Miss Streak 3 | 2 3 1 1 Penetration Max . | . . . . Secondary Targets 1 | . 1 . . Max Gunslinging Chain 1 | . 1 . . Shots Hit Robots 134 | 11 46 72 5 Core Hits 53 | 5 19 26 3 Critical Kills 2 | 1 . 1 . Critical Parts Destroyed 1 | . 1 . . Critical Strikes 4 | 1 2 1 . Burn 1 | . 1 . . Meltdown 1 | . . 1 . Destroy 2 | 1 1 . . Melee Attacks . | . . . . Impact . | . . . . Slashing . | . . . . Piercing . | . . . . Sneak Attacks . | . . . . Combat Hostiles . | . . . . Follow-up Attacks . | . . . . Damage Inflicted 2580 | 112 679 1403 386 Guns 1365 | 112 475 778 . Cannons 395 | . . 340 55 Explosions 816 | . 200 285 331 Melee . | . . . . Ramming 4 | . 4 . . Kinetic 1347 | 26 179 811 331 Thermal 1001 | 86 296 564 55 Explosive 228 | . 200 28 . Electromagnetic . | . . . . Impact . | . . . . Slashing . | . . . . Piercing . | . . . . Highest Corruption . | . . . . Average Corruption . | . . . . Corruption Purged . | . . . . Corruption Blocked . | . . . . Overload Shots . | . . . . Overflow Damage 67 | . . 30 37 Projectiles 22 | . . 22 . Explosions 45 | . . 8 37 Melee . | . . . . Knockbacks . | . . . . Impact . | . . . . Kinetic . | . . . . Secondary . | . . . . Self-Inflicted Damage 158 | . 19 32 107 Shots 4 | . 1 1 2 Rammed 1 | . 1 . . Targets Rammed 1 | . 1 . . Kicked . | . . . . Crushed . | . . . . Highest Temperature 158 | 40 158 16 9 Average Temperature 34 | 17 46 6 5 Received Heat Transfer 426 | . 102 297 27 Siege Activations . | . . . . Martial Activations . | . . . . Shielding Activations . | . . . . Robots Disrupted . | . . . . Combat Hostiles . | . . . . Robots Corrupted . | . . . . Combat Hostiles . | . . . . Parts Fried . | . . . . Impact Corruptions . | . . . . Robots Melted 1 | . . 1 . Combat Hostiles 1 | . . 1 . Parts Melted 4 | . 2 2 . Heat Transferred 2109 | 200 855 980 74 Parts Sabotaged . | . . . . Parts Stolen . | . . . . Parts Stripped . | . . . . Power Chain Reactions . | . . . . Alert | -11 -10 -10 -9 ------- Run | Yrd Mat Sub Rec Maximum Alert Level . | . . . . Low Security (%) 100 | 100 100 . 100 Level 1 . | . . . . Level 2 . | . . . . Level 3 . | . . . . Level 4 . | . . . . Level 5 . | . . . . High Security . | . . . . Max Security . | . . . . Peak Influence 161 | 5 84 . 161 Initial 79 | . . . 79 Average 35 | 1 19 . 122 Influence Increases 619 | 20 257 165 177 Destroy 0b10 Robot/C 260 | . 180 60 20 Destroy 0b10 Robot/NC 40 | 20 15 . 5 Destroy Leader 34 | . 34 . . Disable Machine 45 | . . . 45 Destroy Structure 135 | . 28 . 107 Lose Combat Pursuer 105 | . . 105 . Influence Decreases 473 | 20 203 54 196 Entered New Map 112 | . . 26 86 Time Decay 361 | 20 203 28 110 Squads Dispatched 1 | . 1 . . Investigation . | . . . . Extermination . | . . . . Reinforcement 1 | . 1 . . Assault . | . . . . Garrison . | . . . . Intercept . | . . . . Searches Triggered . | . . . . Construction Impeded . | . . . . Haulers Reinforced . | . . . . Active Scanning Responses . | . . . . Cargo Convoy Interrupts . | . . . . Stealth | -11 -10 -10 -9 --------- Run | Yrd Mat Sub Rec Distress Signals 1 | . 1 . . Communications Jammed . | . . . . Distress Signals . | . . . . Times Spotted 37 | . 18 17 2 Peak Tracking Total 6 | . 6 3 3 Tactical Retreats 2 | . . 2 . Traps | -11 -10 -10 -9 ------- Run | Yrd Mat Sub Rec Traps Triggered 1 | . . 1 . Indirectly . | . . . . Trap Hack Attempts . | . . . . Triggered . | . . . . Disarmed . | . . . . Reprogrammed . | . . . . Reused . | . . . . Traps Extracted . | . . . . Installed . | . . . . Triggered . | . . . . Machines | -11 -10 -10 -9 ---------- Run | Yrd Mat Sub Rec Machines Disabled 6 | . . 3 3 Max in Single Turn 3 | . . 3 1 Machines Repaired . | . . . . Machines Dismantled . | . . . . Machines Sabotaged . | . . . . Overloaded Fab Kills . | . . . . Hacking | -11 -10 -10 -9 --------- Run | Yrd Mat Sub Rec Machines Accessed 2 | . . 2 . Terminals . | . . . . Fabricators . | . . . . Repair Stations . | . . . . Recycling Units . | . . . . Scanalyzers . | . . . . Garrison Access . | . . . . Total Hacks 6 | . . 6 . Successful 6 | . . 6 . Failed . | . . . . Catastrophic . | . . . . Database Lockouts . | . . . . Manual . | . . . . Terminals . | . . . . Fabricators . | . . . . Repair Stations . | . . . . Recycling Units . | . . . . Scanalyzers . | . . . . Garrison Access . | . . . . Terminal Hacks 6 | . . 6 . Record 5 | . . 5 . Proto ID Catalog 1 | . . 1 . Fabricator Hacks . | . . . . Repair Station Hacks . | . . . . Recycling Unit Hacks . | . . . . Scanalyzer . | . . . . Garrison Access Hacks . | . . . . Unauthorized Hacks . | . . . . Terminals . | . . . . Fabricators . | . . . . Repair Stations . | . . . . Recycling Units . | . . . . Scanalyzers . | . . . . Garrison Access . | . . . . Data Cores Recovered . | . . . . Used . | . . . . Hacking Detections . | . . . . Full Trace Events . | . . . . Feedback Events . | . . . . Feedback Blocked . | . . . . Robot Schematics Acquired . | . . . . Robots Built . | . . . . Authchips . | . . . . Time . | . . . . Total Robot Build Rating . | . . . . Part Schematics Acquired . | . . . . Parts Built . | . . . . Authchips . | . . . . Time . | . . . . Total Part Build Rating . | . . . . Part Studies Acquired . | . . . . Parts Repaired . | . . . . Time . | . . . . Parts Recycled . | . . . . Recycled Matter . | . . . . Retrieved Matter . | . . . . Retrieved Components . | . . . . Parts Scanalyzed . | . . . . Part Schematics Acquired . | . . . . Parts Damaged . | . . . . Bothacking | -11 -10 -10 -9 ------------ Run | Yrd Mat Sub Rec Used RIF Installer . | . . . . Robots Hacked . | . . . . Non-combat . | . . . . Combat . | . . . . Robot Hacks Applied . | . . . . Relay Couplers Released . | . . . . Fabnet Peak Effective % . | . . . . Robots Rewired . | . . . . Allies Hacked . | . . . . Hacks Repelled . | . . . . Allies | -11 -10 -10 -9 -------- Run | Yrd Mat Sub Rec Total Allies . | . . . . Largest Group . | . . . . Highest-Rated Group . | . . . . Highest-Rated Ally . | . . . . Total Orders . | . . . . Ally Attacks . | . . . . Total Damage . | . . . . Kills . | . . . . Allies Corrupted . | . . . . Allies Melted . | . . . . Intel | -11 -10 -10 -9 ------- Run | Yrd Mat Sub Rec Active Infowar (turns) 842 | 19 816 7 . Optics 7 | . . 7 . Seismic 835 | 19 816 . . Robot Analysis Total . | . . . . Derelict Logs Recovered 2 | . . 2 . Drone Launches . | . . . . Drone Recoveries . | . . . . Exploration | -11 -10 -10 -9 ------------- Run | Yrd Mat Sub Rec Turns Passed 7189 | 131 928 5907 223 Spaces Moved 2904 | 57 315 2459 73 Core 8 | 8 . . . Treads 2896 | 49 315 2459 73 Legs . | . . . . Wheels . | . . . . Hover . | . . . . Flight . | . . . . Fastest Speed 50 | 50 160 160 260 Average Speed 212 | 144 233 210 260 Slowest Speed 260 | 160 240 260 260 Overloaded Moves . | . . . . Propulsion Burnouts . | . . . . Robots Hopped . | . . . . Potential Cave-ins . | . . . . Cave-ins Triggered . | . . . . Exploration Rate (%) 40 | 4 58 87 14 Regions Visited 3 Branch Regions 2 Pre-discovered Areas . | . . . . Known Exits Taken . | . . . . Unknown Exits Taken 3 | 1 1 1 . Scrap Searched 5 | . . 5 . Spaces Dug 4 | . . 4 . Terrain Destroyed 256 | . 26 68 162 Melee . | . . . . Projectile 5 | . . 4 1 AOE 251 | . 26 64 161 Terrain Rammed . | . . . . Walls Destroyed . | . . . . Machines Disabled . | . . . . Actions | -11 -10 -10 -9 --------- Run | Yrd Mat Sub Rec Total 3723 | 86 441 3104 92 Wait 562 | . 68 489 5 Move 2901 | 56 314 2458 73 Hop . | . . . . Pick Up 62 | 12 14 36 . Fast Attach 4 | . . 4 . Attach 11 | 7 . 4 . Detach . | . . . . Swap 21 | . 7 14 . Drop 25 | . 1 22 2 Fire 131 | 11 36 72 12 Melee . | . . . . Ram . | . . . . Kick . | . . . . Crush 1 | . 1 . . Escape Stasis . | . . . . Rewire . | . . . . Trap . | . . . . Miscellaneous 5 | . . 5 . Route ------- -11/Scrapyard -10/Materials (discovered 5 exits: [*Mat x2] / [*Min x2] / *Sub) -10/Subcaves (discovered 3 exits: [*Mat x2] / [*Rec]) -9/Recycling History --------- Turn | Location | Event 7 | -11/Scrapyard | Discovered new exit (range 15) 132 | -11/Scrapyard | Entered Materials 307 | -10/Materials | Build established: Mutant 686 | -10/Materials | Discovered new exit (range 7) 732 | -10/Materials | Discovered new exit (range 4) 766 | -10/Materials | Discovered new exit (range 16) 957 | -10/Materials | Discovered new exit (range 12) 1021 | -10/Materials | Discovered new exit (range 8) 1060 | -10/Materials | Entered Subcaves 1061 | -10/Subcaves | Approached by a straggling Scientist 1828 | -10/Subcaves | Shifting Twisted Machinery released Spk. Treads 2073 | -10/Subcaves | Visited Clippyterm 2081 | -10/Subcaves | Learned Research security intel 2081 | -10/Subcaves | Learned Factory emergency access door positions 2658 | -10/Subcaves | Shifting Twisted Machinery released Sub. Shrapnel Launcher 2756 | -10/Subcaves | Core integrity fell below 50% 3466 | -10/Subcaves | Discovered new exit (range 14) 3716 | -10/Subcaves | Learned Materials security intel 3824 | -10/Subcaves | Visited 4L-MR0's lab 4008 | -10/Subcaves | Build established: Scavenger-Mutant 4504 | -10/Subcaves | Core integrity fell below 20% 4811 | -10/Subcaves | Build established: Subdweller-Mutant 4900 | -10/Subcaves | Discovered new exit (range 9) 5659 | -10/Subcaves | Learned Materials machine intel 5669 | -10/Subcaves | A swath of the cavern ceiling suddenly collapsed 5870 | -10/Subcaves | Ambushed by Subdweller buried in earth 5892 | -10/Subcaves | Discovered new exit (range 10) 6578 | -10/Subcaves | Build established: Mutant 6967 | -10/Subcaves | Entered Recycling 7190 | -9/Recycling | Destroyed by Y-45 Defender with Beam Rifle Last Messages --------------- Destroyed Heat Sink. Y-45 Defender springs to life. Y-45 Defender destroyed. Acquired 17 matter. U-05 Engineer builds a Wall. U-05 Engineer lays Concrete. U-05 Engineer builds a Wall. R-06 Scavenger destroyed. R-06 Scavenger collects Sml. Storage Unit. U-05 Engineer builds a Wall. R-06 Scavenger collects Com. Wheel. U-05 Engineer builds a Wall. U-05 Engineer builds a Door. U-05 Engineer lays Concrete. U-05 Engineer builds a Wall. U-05 Engineer lays Concrete. Dropped Hcp. Storage Unit. Dropped Imp. Heat Sink. U-05 Engineer lays Concrete. Critical hit (Burn: +37). Map ----- +----------------------------------------------------+ | ??????????????????????????????????????????????? | | ??????????????????????????????????????????????? | | ??????????????????????????????????????????????? | | ??????????????????????????????????????????????? | | ??????????????????????????????????????????????? | | ??????????????????????????????????????????????? | | ??????????????????????????????????????????????? | | ??????????????????????????????????????????????? | | ??????????????????????????????????????????????? | | ??????????????????????????????????????????????? | | ??????????????????????????????????????????????? | | ??????????????????????????????????????????????? | | ??????????????????????????????????????????????? | | ?????????############?????????????????????????? | | ????????## # ##????????????????????????? | | ????????# """ ;;;; #????????????????????????? | | ???????## ; #????????????????????????? | | ???????# u ; #????????????????????????? | | ???????# ; ##???????????????????????? | | ???????# % r ##??????????????????????? | | ????????#" ; ###????????????????????? | | ????????# " #####????????????????? | | ????????# " ##???????????????? | | ????????# =[;;;;####????????????? | | ????????## !*|= #????????????? | | ??????### " """""### [[@[= #????????????? | | ![][! #????????????? | | = #????????????? | | #????????????? | | #+##+#####;;;;; ## #????????????? | | ??????????? ### ## ; " #????????????? | | ????????????##???#### ; ##???????????? | | ????????????????????# ; ;#???????????? | | ????????????????????# #;r; ;;;##??????????? | | ????????????????????# ###; #??????????? | | ????????????????????# ##" #??????????? | | ????????????????????# # #??????????? | | ????????????????????# # #??????????? | | ????????????????????# # #??????????? | | ????????????????????# # "##??????????? | | ????????????????????# + "#???????????? | | ????????????????????# # ##???????????? | | ????????????????????# #!% = #????????????? | | ????????????????????# # ! #????????????? | | ????????????????????# # ! % #????????????? | | ????????????????????# ##########????????????? | | ????????????????????#####?????????????????????? | | ??????????????????????????????????????????????? | | ??????????????????????????????????????????????? | | ??????????????????????????????????????????????? | +----------------------------------------------------+ Best States ------------- Heat Dissipation 39 Coolant Potential 50 Energy Generation 10 Energy Capacity 250 Matter Stores 300 Matter Capacity 300 Sight Range 21 Terrain Scan Density 10 Armor Coverage 800 Evasion (%) 40 Recoil Reduction 2 Item Schematics ----------------- None Robot Schematics ------------------ None Fabricated ------------ Nothing Repaired ---------- Nothing Studied --------- None Alien Tech Used ----------------- None Achievements -------------- None Challenges ------------ None Game ------ Seed NetworkAssaultBeam Manual? 1 Play Time 00:22:01 Cumulative 554.9 hours Start 2026.08.06 @ 17:04:38 End 2026.08.06 @ 17:26:21 Sessions 1 Manual Loads 0 Difficulty Rogue Special Mode None Game No. 317 Rogue 317 Adventurer 0 Explorer 0 Win Type - Total 36 Types 17/2/7/2/1/1/1/2/1/2 Lore% 97 Gallery% 92 Achievement% 86 Wizard Run 0 Options --------- Layout 1 ASCII 0 Keyboard 0 Movement Numpad Keybinds 0 Fullscreen 1 Font 24/Proggy Map View 50x35 Zoom Use 0% Tactical HUD 0 Map Filters NONE Filters NONE Steam 1 RUN: b4f38fd8-8ce5-4738-a090-138ff5601005